 Dungeon Crawl Stone Soup version 0.26-a0-1107-g6118521029 (webtiles) character file.

Game seed: 4677771908002798344

286 Dracia the Distorting Demonspawn (level 6, -2/47 HPs)
             Began as a Demonspawn Abyssal Knight on Dec 16, 2020.
             Was a Believer of Lugonu.
             Slain by a worm (8 damage)
             ... on level 4 of the Dungeon.
             The game lasted 00:04:36 (4318 turns).

Dracia the Distorting Demonspawn (DsAK)             Turns: 4318, Time: 00:04:36

Health: -2/47      AC:  9    Str: 14    XL:     6   Next: 8%
Magic:  10/10      EV:  9    Int: 13    God:    Lugonu [**....]
Gold:   125        SH:  0    Dex: 13    Spells: 5/5 levels left

rFire    . . .     SeeInvis .   a - +2 falchion
rCold    . . .     Faith    .   (no shield)
rNeg     . . .     Spirit   .   j - +0 scale mail (curse)
rPois    .         Reflect  .   (no helmet)
rElec    .         Harm     .   (no cloak)
rCorr    .         Rampage  .   (no gloves)
Will     .....                  (no boots)
Stlth    +.........             (no amulet)
HPRegen  0.15/turn              Q - ring of stealth
MPRegen  0.12/turn              (no ring)

@: no status effects
A: hooves 1, molten scales 2, miasma immunity
a: Depart the Abyss, Bend Space, Renounce Religion


You were on level 4 of the Dungeon.
You worshipped Lugonu.
Lugonu was pleased with you.
You visited 1 branch of the dungeon, and saw 4 of its levels.
You visited the Abyss 1 time.

You collected 125 gold pieces.


Innate Abilities, Weirdness & Mutations

You have large cloven feet.
You are mostly covered in molten scales. (AC +3)
You are immune to miasma.


   Skills:
 - Level 3.0 Fighting
 + Level 4.3 Long Blades
 - Level 1.7 Armour
 - Level 0.8 Dodging
 + Level 6.1 Invocations


You had 5 spell levels left.
You didn't know any spells.
Your spell library contained the following spells:

 Spells                   Type           Power        Failure   Level
 Magic Dart               Conj           #...         78%         1
 Blink                    Tloc           N/A          89%         2
 Call Imp                 Summ           #.......     89%         2
 Slow                     Hex            #.......     89%         2
 Conjure Flame            Conj/Fire      #.......     98%         3
 Mephitic Cloud           Conj/Pois/Air  #.......     98%         3

Inventory:

Hand Weapons
 a - a +2 falchion (weapon)
Missiles
 k - 2 datura-tipped darts
 q - 9 poisoned darts
Armour
 b - a +0 leather armour
 f - a +0 ring mail
 j - a cursed +0 scale mail (worn)
Jewellery
 Q - a ring of stealth (left hand)
Wands
 l - a wand of disintegration (12)
Scrolls
 c - a scroll of remove curse {unknown}
 g - 10 scrolls of identify {unknown}
 o - a scroll of blinking {unknown}
 p - 2 scrolls of magic mapping {unknown}
Potions
 d - 2 potions of curing {@q1@q1}
 e - a potion of flight
 i - a potion of resistance

Dungeon Overview and Level Annotations

Branches:
Dungeon (4/15)
 Temple: D:4-7

Altars:
Xom

#..........# #...##
.........# ##..## ###
......)).##
#####...####.# #...#
............## #?w.#
#...........# #..###
###.####....#
###....#####...## ###.##
#......Zw.......## #.#
.....#####{@..##...####.#
#....# ###.###........#
#...# #..# #......###
...# #.## #....### ##. #.
#....# .. #.....#
.#......<..# ###.........
#.........


You could see a worm and a bullfrog skeleton.


Message History

Something hits you but does no damage.
You hit the worm.
The worm is severely wounded.
Something hits you but does no damage. The worm barely misses you.
Unknown command.
You bump into the rock wall.
Something hits you but does no damage.
You feel less confused. Something hits you but does no damage.
You miss something. You kick something. Something hits you.
* * * LOW HITPOINT WARNING * * *
The worm bites you but does no damage.
Unknown command.
Okay, then.
You miss something. Something hits you but does no damage.
You hit something. You kick something. Something hits you but does no damage.
The worm closely misses you.
You miss something. You kick something. Something hits you.
* * * LOW HITPOINT WARNING * * *
The worm completely misses you.
Unknown command.
You barely miss the worm.
The worm is moderately wounded.
Something hits you but does no damage.
Unknown command.
Okay, then.
As you read the scroll labelled COFRAPH EHEU, it crumbles to dust.
It is a scroll of enchant weapon.
Your +1 falchion glows red for a moment.
Something hits you but does no damage. The worm bites you!
You die...

Skill      XL: |  1  2  3  4  5 |
---------------+----------------+-----
Long Blades    | 2 3 4 |  4.3
Invocations    | 3 4 5 6 |  6.1
Fighting       | |  3.0
Armour         | |  1.7
Dodging        | |  0.8

Action                   |  1- 3 |  4- 6 || total
-------------------------+-------+-------++-------
Melee: Falchion          |   125 |   186 ||   311
       Kick              |       |    23 ||    23
  Use: Potion            |       |     6 ||     6
       Scroll            |       |     1 ||     1
Armor: Ring mail         |    22 |       ||    22
       Scale mail        |    28 |   103 ||   131
       Skin              |       |     1 ||     1
Dodge: Dodged            |    72 |    79 ||   151
       Rpst.: Falchion   |    28 |    15 ||    43

Levels and vault maps discovered:
D:1:      erik_arrival_orb_chamber, layout_loops_corners
D:2:      layout_loops_cross, overflow_temple_1_default,
          minmay_goblin_kobold_house
D:3:      layout_basic
D:4:      minmay_polygon_palace, layout_layer_cave, lemuel_round_altar,
          minmay_fountain_box

Notes
Turn   | Place    | Note
-------+----------+-------------------------------------------
     0 | Abyss:1  | Dracia the Demonspawn Abyssal Knight began the quest for
                  | the Orb.
     0 | Abyss:1  | Reached XP level 1. HP: 18/18 MP: 2/2
    20 | D:1      | You pass through the gate.
    20 | D:1      | Escaped the Abyss
   210 | D:1      | Reached skill level 2 in Long Blades
   526 | D:1      | Reached skill level 3 in Invocations
   526 | D:1      | Gained mutation: You are partially covered in molten
                  | scales. (AC +2) [demonic ancestry]
   526 | D:1      | Reached XP level 2. HP: 24/24 MP: 2/4
  1240 | D:2      | Gained mutation: You are mostly covered in molten scales.
                  | (AC +3) [demonic ancestry]
  1240 | D:2      | Reached XP level 3. HP: 25/29 MP: 5/5
  1507 | D:2      | Reached skill level 4 in Invocations
  1713 | D:2      | Reached ** piety under Lugonu
  1714 | D:2      | Reached skill level 3 in Long Blades
  1720 | D:2      | Reached XP level 4. HP: 19/35 MP: 7/7
  1722 | D:2      | HP: 2/35 [orc priest/divine providence (13)]
  1726 | D:2      | Identified 2 potions of resistance
  2098 | D:2      | Found a shimmering altar of Xom.
  2529 | D:3      | Reached skill level 5 in Invocations
  3198 | D:3      | Gained mutation: You have large cloven feet. [demonic
                  | ancestry]
  3198 | D:3      | Reached XP level 5. HP: 34/41 MP: 8/8
  3581 | D:4      | Noticed a phantom
  3646 | D:4      | HP: 3/41 [phantom (8)]
  3647 | D:4      | Killed a phantom
  3648 | D:4      | Reached skill level 4 in Long Blades
  3648 | D:4      | Reached skill level 6 in Invocations
  3648 | D:4      | Gained mutation: You are immune to miasma. [demonic
                  | ancestry]
  3648 | D:4      | Reached XP level 6. HP: 4/47 MP: 10/10
  4318 | D:4      | Slain by a worm

Vanquished Creatures
  A phantom (D:4)
  An orc priest (D:2)
  An iguana (D:4)
  A worker ant (D:4)
  4 adders
  2 oozes
  2 worms
  A dart slug (D:2)
  3 leopard geckos
  8 orcs
  3 giant cockroaches
  10 goblins
  6 hobgoblins
  5 jackals
  A quokka (D:3)
  A ball python (D:1)
  2 bats
  3 frilled lizards
  4 kobolds
  7 rats
66 creatures vanquished.

Table legend: (Time is in decaauts)
 A = Elapsed time spent in this place.
 B = Non-inter-level travel time spent in this place.
 C = Inter-level travel time spent in this place.
 D = Time resting spent in this place.
 E = Time spent auto-exploring this place.
 F = Levels seen in this place.
 G = Mean time per level.
                   A        B        C        D        E       F      G
               +--------+--------+--------+--------+--------+-----+--------+
         Total |   4360 |   4272 |     88 |    569 |   3111 |   5 |  872.0 |
       Dungeon |   4340 |   4252 |     88 |    569 |   3097 |   4 | 1085.0 |
         Abyss |     20 |     20 |      0 |      0 |     14 |   1 |   20.0 |
               +--------+--------+--------+--------+--------+-----+--------+

Top non-repeatable levels by time:
     D:2: 1290 daAuts
     D:1: 1105 daAuts
     D:3: 1083 daAuts
     D:4: 861 daAuts
 Abyss:1: 20 daAuts

Table legend:
 A = Non-vault XP
 B = Vault XP
 C = Vault XP percentage of total XP
 D = Non-vault monster count
 E = Vault monster count
 F = Vault count percentage of total count
                 A         B        C        D         E       F
            +---------+---------+-------+---------+---------+-------
      Total |     398 |      11 |   2.7 |      60 |       6 |   9.1
            +---------+---------+-------+---------+---------+-------
        D:1 |      26 |       0 |   0.0 |      15 |       0 |   0.0
        D:2 |     127 |      11 |   8.0 |      24 |       6 |  20.0
        D:3 |      40 |       0 |   0.0 |      13 |       0 |   0.0
        D:4 |     205 |       0 |   0.0 |       8 |       0 |   0.0
            +---------+---------+-------+---------+---------+-------
